 Dungeon Crawl Stone Soup version 0.29.1-2-gbd0b4ee654 (webtiles) character file.

Game seed: 7684908997502631591

11 kingsuperguy the Trooper (level 2, -10/27 HPs)
             Began as a Minotaur Monk on Nov 14, 2022.
             Blown up by Ijyb (12 damage)
             ... with a mindburst bolt
             ... on level 3 of the Dungeon.
             The game lasted 00:01:57 (560 turns).

kingsuperguy the Trooper (Minotaur Monk)             Turns: 560, Time: 00:01:57

Health: -10/27     AC:  1    Str: 14    XL:     2   Next: 17%
Magic:  1/1        EV: 16    Int: 11    God:
Gold:   29         SH:  0    Dex: 11    Spells: 1/1 levels left

rFire   . . .      SeeInvis .   a - +0 falchion
rCold   . . .      Faith    .   (no shield)
rNeg    . . .      Spirit   .   b - +0 robe
rPois   .          Reflect  .   (helmet restricted)
rElec   .          Harm     .   (no cloak)
rCorr   .          Rampage  .   (no gloves)
Will    .....                   (no boots)
Stlth   ++........              (no amulet)
HPRegen 0.09/turn               k - +4 ring of evasion
MPRegen 0.07/turn               (no ring)

@: on berserk cooldown, slowed, very slow
A: horns 2, retaliatory headbutt, hooves 1, clever 1, deformed body, devolution
1
a: no special abilities


You were on level 3 of the Dungeon.
You visited 1 branch of the dungeon, and saw 3 of its levels.

You collected 29 gold pieces.

Inventory:

Hand Weapons
 a - a +0 falchion (weapon)
Missiles
 g - 7 poisoned darts (quivered)
 h - 6 stones
Armour
 b - a +0 robe (worn)
Jewellery
 k - a +4 ring of evasion (left hand)
Scrolls
 d - a scroll of fear {unknown}
 e - a scroll of noise {unknown}
 f - a scroll of identify {unknown}
 l - a scroll of vulnerability {unknown}
Potions
 c - a potion of ambrosia
 i - a potion of mutation


   Skills:
 + Level 4.0 Fighting
 + Level 3.9 Long Blades
 + Level 3.4 Dodging
 + Level 1.6 Stealth


You had one spell level left.
You didn't know any spells.
Your spell library contained the following spells:

 Spells                   Type           Power      Damage    Failure   Level
 Necrotise                Necr           0%         1d4       34%         1
 Sublimation of Blood     Necr           0%         N/A       47%         2
 Vampiric Draining        Necr           0%         2d6       71%         3
 Petrify                  Tmut/Erth      0%         N/A       98%         4
 Agony                    Necr           0%         N/A       100%        5
 Irradiate                Conj/Tmut      0%         3d11      100%        5


Dungeon Overview and Level Annotations

Branches:
Dungeon (3/15)

Altars:

Annotations:
D:3 Ijyb


Innate Abilities, Weirdness & Mutations

You have a pair of horns on your head.
You reflexively headbutt those who attack you in melee.
You have large cloven feet.
Your mind is acute. (Int +4, Str/Dex -1)
Armour fits poorly on your strangely shaped body.
You have hidden genetic defects.


Message History

You kill the kobold!
g - 5 poisoned darts (gained 4);
m - a murky ruby potion
Things that are here:
a +0 club; a kobold corpse
g - 6 poisoned darts (gained 1)
g - 7 poisoned darts (gained 1) Ijyb the Twisted Goblin comes into view.
She is wielding a +1 dagger of venom and carrying a wand of mindburst (12).
Found a ring mail.
Found 12 gold pieces.
Ijyb zaps a wand.
Your mind is blasted!
You see here a viscous brown potion.
The endoplasm hits you.
You hit the endoplasm.
The endoplasm is severely wounded.
The endoplasm misses you. You furiously retaliate!
You headbutt the endoplasm.
You kill the endoplasm!
You see here a viscous brown potion.
Ijyb zaps a wand.
Your mind is blasted!
Ouch! That really hurt!
* * * LOW HITPOINT WARNING * * *
Okay, then.
As you read the scroll labelled AMIARE GOCOLO, it crumbles to dust.
It is a scroll of amnesia.
You feel forgetful for a moment.
It was a potion of mutation.
You feel extremely strange.
Your body twists and deforms.
You feel a hidden malignance growing inside you.
Your feet thicken and deform.
You feel clever.
It was a potion of berserk rage.
A red film seems to cover your vision as you go berserk!
You feel yourself moving faster!
You feel mighty!
You are too berserk!
You feel a strong urge to attack something.
You feel your anger nearly subside.
Found 9 gold pieces.
You are no longer berserk.
You are exhausted.
You feel yourself slow down.
Found an escape hatch in the ceiling.
Ijyb zaps a wand.
Your mind is blasted!
You die...

.###... ..#
.......# ..#
......##<..#
......#...#
####....#...###
..$#...........
##...........
####....@.......
........##...###
........# ..#
.###....# ..# #
##..g# ..# #.
##..# ...# #.#
##..# .[.#
#.##...##...#
#$#......#.##


You could see Ijyb.

Vanquished Creatures
  A dart slug (D:1)
  2 endoplasms
  A giant cockroach (D:2)
  2 kobolds
  A bat (D:1)
  2 rats (D:2)
9 creatures vanquished.

Notes
Turn   | Place    | Note
-------+----------+-------------------------------------------
     0 | D:1      | kingsuperguy the Minotaur Monk began the quest for the Orb.
     0 | D:1      | Reached XP level 1. HP: 19/19 MP: 0/0
   399 | D:2      | Reached skill level 4 in Fighting
   399 | D:2      | Reached XP level 2. HP: 22/27 MP: 1/1
   541 | D:3      | Noticed Ijyb
   554 | D:3      | Gained mutation: Armour fits poorly on your strangely
                  | shaped body. [potion of mutation]
   554 | D:3      | Gained mutation: You have hidden genetic defects. [potion
                  | of mutation]
   554 | D:3      | Gained mutation: You have large cloven feet. [potion of
                  | mutation]
   554 | D:3      | Gained mutation: Your mind is acute. (Int +4, Str/Dex -1)
                  | [potion of mutation]
   560 | D:3      | Blown up by Ijyb

Illustrated notes

Levels and vault maps discovered:
D:1:      minmay_arrival_statue_studded, layout_basic,
          shapermc_ecumenical_altar_petra, minmay_misc_feat_encased,
          minmay_cut_off
D:2:      kennysheep_big_flooded_room, layout_basic
D:3:      layout_loops_cross, gammafunk_ghost_abyssal_escape, uniq_ijyb

Skill      XL: |  1 |
---------------+----+-----
Fighting       | 4 |  4.0
Long Blades    | |  3.9
Dodging        | |  3.4
Stealth        | |  1.6

Action                   || total
-------------------------++-------
Melee: Falchion          ||    14
       Headbutt          ||     3
Throw: Dart              ||     3
  Use: Potion            ||     2
       Scroll            ||     1
Armor: Robe              ||     6
Dodge: Dodged            ||    15
